 Dungeon Crawl Stone Soup version 0.13-a0-1710-g777f831 (webtiles) character file.

192 KrakatoaEdd the Firebug (level 4, 0/33 HPs)
             Began as a Lava Orc Fire Elementalist on June 21, 2013.
             Slain by Sigmund
             ... wielding a +2,+2 scythe
              (8 damage)
             ... on Level 2 of the Dungeon.
             The game lasted 00:07:50 (1792 turns).

KrakatoaEdd the Firebug (LOFE)                      Turns: 1792, Time: 00:07:50

HP   0/33        AC  9     Str 10      XL: 4   Next: 42%
MP   7/7         EV 12     Int 16      God:
Gold 95          SH  0     Dex 11      Spells:  1 memorised,  5 levels left

Res.Fire  : + . .   See Invis. : .   f - +0,+2 mace (protect)
Res.Cold  : . . .   Warding    : .   a - +0 orc robe
Life Prot.: . . .   Conserve   : .   (no shield)
Res.Poison: .       Res.Corr.  : .   (no helmet)
Res.Elec. : .       Clarity    : .   (no cloak)
Sust.Abil.: . .     Spirit.Shd : .   (no gloves)
Res.Mut.  : .       Stasis     : .   (no boots)
Res.Rott. : .       Flight     : .   (no amulet)
Saprovore : + . .                    (no ring)
                                     (no ring)

@: slow, slightly resistant to hostile enchantments, unstealthy
A: conserve scrolls, saprovore 1
a: no special abilities


You were on level 2 of the Dungeon.
You were hungry.

You visited 1 branch of the dungeon, and saw 2 of its levels.

You collected 75 gold pieces.

Inventory:

Hand weapons
 f - a +0,+2 mace of protection (weapon)
 k - a +0,+0 hand axe of electrocution (quivered)
Armour
 a - a +0 orcish robe (worn)
 g - a +0 dwarven shield
Comestibles
 c - 3 meat rations
 h - 2 bread rations
 q - a chunk of worm flesh
Scrolls
 e - a scroll of amnesia {unknown}
 i - a scroll of fog {unknown}
 l - a scroll of teleportation {unknown}
 n - a scroll of identify {unknown}
 o - a scroll of fear {unknown}
 p - a scroll of curse jewellery {unknown}
 r - a scroll of blinking {unknown}
Potions
 d - a potion of curing
 j - 2 potions of agility {unknown}
 m - a potion of heal wounds {unknown}
Books
 b - a book of Flames

   Spells                             Type                      Level
   *Flame Tongue                      Conjuration/Fire             1
   Throw Flame                        Conjuration/Fire             2
   Conjure Flame                      Conjuration/Fire             3
   Inner Flame                        Hexes/Fire                   3
   Sticky Flame                       Conjuration/Fire             4
   Fireball                           Conjuration/Fire             5


   Skills:
 - Level 1.5 Dodging
 - Level 1.5 Stealth
 + Level 1.7 Spellcasting
 + Level 2.0 Conjurations
 * Level 5.4 Fire Magic


You had 5 spell levels left.
You knew the following spells:

 Your Spells              Type           Power        Failure   Level  Hunger
a - Flame Tongue          Conj/Fire      ##...        6%          1    ##.....


Dungeon Overview and Level Annotations

Branches:
Dungeon (2/27)

Altars:

Annotations
D:2 Sigmund


Innate Abilities, Weirdness & Mutations

You have stony skin.
You cover ground slowly.
Your flesh is heat resistant.
Your flesh is vulnerable to cold.
Your heat harms attackers.
You bathe your surroundings in blazing heat.
You are too hot to use scrolls.
You are very good at protecting items from fire.
You can tolerate rotten meat.


Message History

The magic dart hits you! The puff of flame hits you! The magic dart hits you!
* * * LOW HITPOINT WARNING * * *
You hear some strange, mumbled words.
You are confused.
You hear some strange, mumbled words.
Something tries to affect you, but you resist.
It hits you.
* * * LOW HITPOINT WARNING * * *
You closely miss it. It hits you.
* * * LOW HITPOINT WARNING * * *
Drink which item? (? for menu, Esc to quit)
You feel better.
It was a potion of curing.
You hear a zap.
The magic dart hits you! It hits you.
* * * LOW HITPOINT WARNING * * *
It hits you!
You die...

#.......# #..# #.......#
#..## # ###.......#
###...#.# #.........#
#.....#.#
#.##.#....###.#.#...
......#.#.........#
........#........##
......###...?)....#####.#
................@>......#
......####........#####.#
......# #........# ......
#....^..## .....
#.......# .... #.......#
### #.......# #.......#
#.......#


There were no monsters in sight!

Vanquished Creatures
  2 adders (D:2)
  4 gnolls (D:2)
  A worm (D:2)
  10 goblins
  2 hobgoblins (D:1)
  2 jackals (D:1)
  A quokka (D:2)
  A ball python (D:1)
  5 bats
  4 giant newts
  4 kobolds (D:1)
  5 rats
41 creatures vanquished.

Notes
Turn   | Place    | Note
--------------------------------------------------------------
     0 | D:1      | KrakatoaEdd, the Lava Orc Fire Elementalist, began the quest for the Orb.
     0 | D:1      | Reached XP level 1. HP: 14/14 MP: 3/3
   553 | D:1      | Reached skill level 4 in Fire Magic
   553 | D:1      | Reached XP level 2. HP: 11/20 MP: 1/4
  1221 | D:2      | Reached XP level 3. HP: 22/26 MP: 6/6
  1277 | D:2      | Reached skill level 5 in Fire Magic
  1281 | D:2      | Reached XP level 4. HP: 5/33 MP: 7/7
  1776 | D:2      | Noticed Sigmund
  1788 | D:2      | HP: 1/33 [something (2)]
  1792 | D:2      | Slain by Sigmund

Action                   |  1- 3 |  4- 6 || total
-------------------------+-------+-------++-------
Melee: Unarmed           |    38 |       ||    38
       Mace              |    54 |    31 ||    85
 Cast: Flame Tongue      |    15 |     8 ||    23
  Use: Potion            |       |     1 ||     1
 Stab: Sleeping          |     2 |       ||     2
